 Dungeon Crawl Stone Soup version 0.21-a0-504-g2eda330 (webtiles) character file.

429 Gorice the Cudgeler (level 6, -1/44 HPs)
             Began as a Demonspawn Wanderer on Nov 24, 2017.
             Slain by Menkaure (4 damage)
             ... on level 4 of the Dungeon on Nov 25, 2017.
             The game lasted 00:18:35 (5076 turns).

Gorice the Cudgeler (Demonspawn Wanderer)           Turns: 5076, Time: 00:18:37

Health: -1/44      AC:  7    Str: 15    XL:     6   Next: 66%
Magic:  6/6        EV:  6    Int: 13    God:
Gold:   156        SH:  4    Dex: 12    Spells: 5/5 levels left

rFire    + . .     SeeInvis +   a - +1 flail (drain)
rCold    . . .     Gourm    .   (no shield)
rNeg     . . .     Faith    .   o - -2 chain mail (curse)
rPois    .         Spirit   .   (helmet unavailable)
rElec    .         Reflect  .   (no cloak)
rCorr    .         Harm     .   (no gloves)
MR       .....                  (no boots)
Stlth    ..........             (no amulet)
HPRegen  0.14/turn              (no ring)
MPRegen  0.10/turn              (no ring)

@: drained
A: antennae 3, large bone plates 1, fire resistance 1
a: no special abilities


You were on level 4 of the Dungeon.
You were hungry.

You visited 1 branch of the dungeon, and saw 4 of its levels.

You collected 156 gold pieces.

Inventory:

Hand Weapons
 a - a +1 flail of draining (weapon)
   (You took it off an orc on level 2 of the Dungeon)
 b - a +0 hunting sling
 n - a +0 quarterstaff
 v - a +2 mace
 w - a +1 dagger of venom
   (You took it off a kobold on level 3 of the Dungeon)
Missiles
 q - 43 sling bullets
 t - 19 bolts
 Y - 77 stones (quivered)
Armour
 k - a +0 chain mail
 o - a cursed -2 chain mail (worn)
 p - a +1 ring mail
Magical Staves
 u - an uncursed staff of air
Wands
 x - a wand of enslavement (5)
Scrolls
 e - a scroll of enchant armour
 g - 2 scrolls of teleportation {!r}
 r - 2 scrolls of identify
Potions
 c - a potion of curing
 i - a potion of mutation {!q}
 j - 2 potions of flight
Comestibles
 d - 2 bread rations {!e}
 h - 5 fruits
 l - 2 meat rations {!e}
 m - 2 royal jellies


   Skills:
 - Level 2.0(1.4) Fighting
 * Level 5.4(4.8) Maces & Flails
 - Level 1.0(0.4) Throwing
 + Level 4.5(3.8) Armour
 - Level 1.0(0.4) Dodging
 - Level 1.0(0.4) Stealth


You had 5 spell levels left.
You didn't know any spells.

Dungeon Overview and Level Annotations

Branches:
Dungeon (4/15)
 Temple: D:4-7

Altars:

Annotations:
D:4 Menkaure, Pikel


Innate Abilities, Weirdness & Mutations

You have a pair of large antennae on your head. (SInv)
You are partially covered in large bone plates. (SH +4)
Your flesh is heat resistant. (rF+)


Message History

Where to? (Enter - D:2 @ (x,y), ? - help)
There is an open door here.
You see here a chain mail.
There is a stone staircase leading down here.
You start resting.
All of the chunks of flesh in your inventory have rotted away.
HP restored.
You climb downwards.
There is a stone staircase leading up here.
You see here a flail.
There is a stone staircase leading down, spattered with blood here.
You climb downwards.
Level annotation: Menkaure, Pikel Menkaure shouts!
Menkaure calls on the powers of darkness!
Your body is wracked with pain!
There is a stone staircase leading up, spattered with blood here.
Damage: 21 (max 21)
You climb upwards.
There is a stone staircase leading down, spattered with blood here.
You start resting.
You are feeling hungry.
You start resting.
HP restored.
You climb downwards.
Level annotation: Menkaure, Pikel
There is a stone staircase leading up, spattered with blood here.
Menkaure calls on the powers of darkness!
Your body is wracked with pain!
Damage: 21 (max 21) Menkaure casts a spell at you.
Pain shoots through your body!
* * * LOW HITPOINT WARNING * * *
Damage: 6 (max 21)
You hit Menkaure.
Menkaure is lightly damaged.
You block Menkaure's attack.
You sock Menkaure!
Menkaure is severely damaged.
Menkaure mumbles some strange words.
Menkaure seems to speed up.
You hit Menkaure but do no damage.
Menkaure is severely damaged.
You block Menkaure's attack.
You closely miss Menkaure.
Menkaure is severely damaged.
Menkaure hits you!
* * * LOW HITPOINT WARNING * * *
Menkaure hits you.
You die...

##........ ....>...##
####........ ##
#.........# ..
#.##......##.#
............#
####+###.#..#..#
#..............#
#....M@...[.##.#
#.......<...# .#
#...........# ## #
#...........# #
#...........# #
#######...........#
#####.M...............#
....#............####+#
#.......$........#


You could see Menkaure.

Vanquished Creatures
  A slave (D:3)
  A crimson imp (D:3)
  2 orc priests (D:3)
  Jessica (D:2)
  3 orc wizards
  2 worker ants (D:3)
  A worker ant zombie (D:2)
  A gnoll (D:3)
  2 adders (D:3)
  An ooze (D:2)
  5 worms
  4 dart slugs
  5 leopard geckos
  15 orcs
  2 ball pythons (D:3)
  4 giant cockroaches
  3 goblins
  18 hobgoblins
  3 jackals (D:2)
  3 quokkas
  9 bats
  5 frilled lizards
  8 kobolds
  8 rats
107 creatures vanquished.

Notes
Turn   | Place    | Note
-------+----------+-------------------------------------------
     0 | D:1      | Gorice the Demonspawn Wanderer began the quest for the Orb.
     0 | D:1      | Gorice set off with: a +2 mace, a +0 ring mail, a potion of curing, a bread ration {!e}
     0 | D:1      | Reached XP level 1. HP: 16/16 MP: 1/1
    32 | D:1      | Reached skill level 2 in Maces & Flails
    81 | D:1      | Gained mutation: Your flesh is heat resistant. (rF+) [demonic ancestry]
    81 | D:1      | Reached XP level 2. HP: 18/22 MP: 2/2
   185 | D:1      | Reached skill level 3 in Armour
   438 | D:1      | Gained mutation: You have a pair of small antennae on your head. [demonic ancestry]
   438 | D:1      | Reached XP level 3. HP: 22/27 MP: 3/3
   779 | D:2      | Reached skill level 3 in Maces & Flails
  1058 | D:2      | Noticed Jessica
  1070 | D:2      | Killed Jessica
  1070 | D:2      | Gained mutation: You are partially covered in large bone plates. (SH +4) [demonic ancestry]
  1070 | D:2      | Reached XP level 4. HP: 33/33 MP: 4/4
  2093 | D:3      | Reached skill level 4 in Maces & Flails
  2233 | D:3      | Gained mutation: You have a pair of antennae on your head. [demonic ancestry]
  2233 | D:3      | Reached XP level 5. HP: 27/38 MP: 5/5
  3118 | D:3      | Reached skill level 4 in Armour
  3280 | D:3      | Upgraded the game from 0.21-a0-498-g1b60429 to 0.21-a0-504-g2eda330
  3697 | D:3      | Gained mutation: You have a pair of large antennae on your head. (SInv) [demonic ancestry]
  3697 | D:3      | Reached XP level 6. HP: 44/44 MP: 6/6
  3815 | D:4      | Reached skill level 5 in Maces & Flails
  3845 | D:4      | Noticed Menkaure
  3893 | D:4      | Noticed a slave
  3893 | D:4      | Noticed a slave
  3893 | D:4      | Noticed a slave
  3894 | D:4      | Noticed Pikel
  3904 | D:3      | Killed a slave
  5076 | D:4      | HP: 3/44 [Menkaure (15)]
  5076 | D:4      | Slain by Menkaure

Vault maps used:
D:1:      tarquinn_simple_flora_water_d, kennysheep_crisscross
D:2:      uniq_jessica
D:4:      first_bread, uniq_pikel, uniq_menkaure

Skill      XL: |  1  2  3  4  5  6 |
---------------+-------------------+-----
Maces & Flails | 2 3 4 5 |  5.4
Armour         | 3 4 |  4.5
Fighting       | |  2.0
Throwing       | |  1.0
Dodging        | |  1.0
Stealth        | |  1.0

Action                   |  1- 3 |  4- 6 || total
-------------------------+-------+-------++-------
Melee: Mace              |    89 |   145 ||   234
       Flail             |       |   188 ||   188
 Fire: Hunting sling     |       |    17 ||    17
Throw: Stone             |    13 |     5 ||    18
Evoke: Wand              |       |     1 ||     1
  Use: Scroll            |     6 |     3 ||     9
       Potion            |       |     2 ||     2
 Stab: Invisible         |       |     1 ||     1
  Eat: Chunk             |       |    13 ||    13
Armor: Ring mail         |    29 |    36 ||    65
       Chain mail        |       |   181 ||   181
Dodge: Dodged            |    46 |   125 ||   171
Block: Other             |       |    80 ||    80

Table legend:
 A = Spawn XP
 B = Non-spawn XP
 C = Spawn XP percentage of total XP
 D = Spawn monster count
 E = Non-spawn monster count
 F = Spawn count percentage of total count
 G = Total turns spent on level
                    A         B        C        D         E        F      G
               +---------+---------+-------+---------+---------+-------+---------
         Total |       0 |     614 |   0.0 |       0 |     106 |   0.0 |  5076
               +---------+---------+-------+---------+---------+-------+---------
           D:1 |       0 |      50 |   0.0 |       0 |      27 |   0.0 |   669
           D:2 |       0 |     127 |   0.0 |       0 |      31 |   0.0 |  1818
           D:3 |       0 |     398 |   0.0 |       0 |      46 |   0.0 |  2483
           D:4 |       0 |      39 |   0.0 |       0 |       2 |   0.0 |   106
               +---------+---------+-------+---------+---------+-------+---------

Table legend:
 A = Turns spent in this place as a percentage of turns spent in the entire game.
 B = Non-inter-level travel turns spent in this place as a percentage of non-inter-level travel turns spent in the entire game.
 C = Inter-level travel turns spent in this place as a percentage of turns spent in this place.
 D = Turns resting spent in this place as a percentage of non-inter-level travel turns spent in this place.
 E = Turns spent auto-exploring this place as a percentage of non-inter-level travel turns spent in this place.
 F = Non-inter-level travel turns spent in this place divided by the number of levels of this place that you've seen.
                   A       B       C       D       E      F
               +-------+-------+-------+-------+-------+----------------------
         Total | 100.0 | 100.0 |   4.6 |  42.1 |  19.4 | 1210.2
       Dungeon | 100.0 | 100.0 |   4.6 |  42.1 |  19.4 | 1210.2
               +-------+-------+-------+-------+-------+----------------------

Vault maps used:
D:1:      tarquinn_simple_flora_water_d, kennysheep_crisscross
D:2:      uniq_jessica
D:4:      first_bread, uniq_pikel, uniq_menkaure
